 Dungeon Crawl Stone Soup version 0.30-a0-585-g93115170b9 (webtiles) character file.

Game seed: 7068238118379365140

6248 sokol815 the Unseen (level 10, -7/60 (66) HPs)
             Began as an Octopode Brigand on Jan 2, 2023.
             Was an Initiate of Gozag.
             Mangled by a wight
             ... wielding a +3 falchion
              (17 damage)
             ... on level 10 of the Dungeon.
             The game lasted 00:19:22 (8437 turns).

sokol815 the Unseen (Octopode Brigand)              Turns: 8437, Time: 00:19:23

HP:   -7/60 (66)    AC:  1    Str: 16    XL:     10   Next: 93%
MP:   10/10         EV: 13    Int: 13    God:    Gozag
Gold: 650           SH:  0    Dex: 19    Spells: 6/9 levels left

rFire   . . .      SeeInvis .    a - +3 dagger (drain)
rCold   . . .      Faith    .    (no shield)
rNeg    . . .      Spirit   .    (helmet restricted)
rPois   +          Reflect  .    j - amulet of regeneration
rElec   .          Harm     .    t - +6 ring of strength
rCorr   .          Rampage  .    P - ring of poison resistance {rPois, !d}
Will    .....                    Z - ring of wizardry {Wiz+, !d}
Stlth   +++++++                  (no ring)
HPRegen 1.10/turn                (no ring)
MPRegen 0.12/turn                (no ring)
                                 (no ring)
                                 (no ring)

@: lethally poisoned (-7 -> -7), studying Maces & Flails, drained
A: almost no armour, amphibious, 8 rings, camouflage 1, gelatinous body 1,
(nimble swimmer 1), tentacles
a: Renounce Religion, Potion Petition, Call Merchant, Bribe Branch


You were on level 10 of the Dungeon.
You worshipped Gozag.
Gozag was pleased with you.
You visited 2 branches of the dungeon, and saw 11 of its levels.

You collected 1040 gold pieces.
You spent 265 gold pieces at shops.
You paid 125 gold pieces to Gozag.

Inventory:

Hand Weapons
 a - a +3 dagger of draining (weapon)
   (You took it off a goblin on level 2 of the Dungeon)
 h - a +0 sling
   (You took it off a goblin on level 2 of the Dungeon)
 i - a +2 dagger
 m - a +1 short sword of speed
   (You took it off an orc on level 4 of the Dungeon)
 r - a +0 halberd of protection
   (You took it off a gnoll on level 5 of the Dungeon)
Missiles
 b - 16 poisoned darts
 c - 3 curare-tipped darts
 g - 6 javelins
 p - 2 datura-tipped darts
 s - 94 stones
Jewellery
 f - an amulet of reflection
   (You found it on level 4 of the Dungeon)
 j - an amulet of regeneration (around mantle)
   (You found it on level 2 of the Dungeon)
 t - a +6 ring of strength (left tentacle)
   (You bought it in a shop on level 6 of the Dungeon)
 P - a ring of poison resistance (right tentacle) {rPois, !d}
   (You found it on level 7 of the Dungeon)
 Z - a ring of wizardry (on tentacle) {Wiz+, !d}
   (You bought it in a shop on level 6 of the Dungeon)
Wands
 d - a wand of digging (5)
   (You took it off Maurice on level 9 of the Dungeon)
 e - a wand of charming (11)
   (You found it on level 3 of the Dungeon)
 q - a wand of flame (7)
   (You found it on level 9 of the Dungeon)
 w - a wand of roots (12)
   (You found it on level 8 of the Dungeon)
Scrolls
 n - a scroll of enchant weapon
 o - a scroll of poison
 u - a scroll of enchant armour
 x - a scroll of fog
 K - a scroll of immolation {!r}
 O - 4 scrolls of silence
 Y - a scroll of teleportation {@r3}
Potions
 k - 2 potions of attraction {!q}
 l - 2 potions of lignification {!q}
 y - 2 potions of magic
 G - 3 potions of ambrosia {!q}
 H - a potion of haste
 J - a potion of curing {@q1}
 L - 3 potions of flight
 M - 2 potions of might
 N - 4 potions of heal wounds {@q2}
 U - 2 potions of mutation {!q}
Miscellaneous
 v - a piece from Xom's chessboard (15/15)
   (You found it on level 8 of the Dungeon)


   Skills:
 - Level 5.0 Fighting
 - Level 10.0 Short Blades
 - Level 2.0 Throwing
 - Level 1.0 Dodging
 - Level 16.0 Stealth
 * Level 5.0 Ice Magic


You had 6 spell levels left.
You knew the following spells:

 Your Spells              Type           Power      Damage    Failure   Level
A - Ozocubu's Armour      Ice            13%        N/A       4%          3

Your spell library contained the following spells:

 Spells                   Type           Power      Damage    Failure   Level
 Foxfire                  Conj/Fire      0%         2x1d4     12%         1
 Shock                    Conj/Air       0%         1d3       12%         1
 Swiftness                Air            0%         N/A       34%         3
 Airstrike                Air            0%         2d(0-16)  73%         4
 Metabolic Englaciation   Hex/Ice        3%         N/A       73%         5
 Simulacrum               Ice/Necr       Unusable   N/A       N/A         6

Dungeon Overview and Level Annotations

Branches:
Dungeon (10/15) Zot: 26626  Temple (1/1) D:7 Zot: 5930
   Lair: D:8-11         Orc: D:9-12

Altars:
Ashenzari
Cheibriados
Dithmenos
Fedhas
Gozag
Hepliaklqana
Kikubaaqudgha
Makhleb
Nemelex Xobeh
Qazlal
Sif Muna
Trog
Uskayaw
Vehumet
Wu Jian
Xom
Zin

Shops:
D:6 ??*[*

Annotations:
D:7 exclusion: electric eel


Innate Abilities, Weirdness & Mutations

You cannot wear most types of armour.
You are amphibious.
You can wear up to eight rings at the same time.
Your skin changes colour to match your surroundings (Stealth+).
Your rubbery body absorbs attacks. (AC +1, EV +1)
((You are camouflaged when in or above water. (Stealth+)))
You have tentacles for arms and can constrict up to eight enemies at once.


Message History

The killer bee is distracted by your dazzling golden aura.
You barely miss the killer bee.
The killer bee is no longer distracted by gold.
The killer bee buzzes angrily.
You constrict the killer bee, but do no damage.
The killer bee closely misses you.
You barely miss the killer bee. You constrict the killer bee.
You completely miss the killer bee.
Your extra speed is starting to run out.
You constrict the killer bee. The killer bee stings you.
* * * LOW HITPOINT WARNING * * *
You are poisoned.
The killer bee poisons you!
You take 6 damage, and have 10/58 hp.
You hit the killer bee.
You kill the killer bee!
You feel sick.
You take 1 damage, and have 9/59 hp.
You feel sick.
You now have 633 gold pieces (gained 6).
You feel sick.
You feel sick.
You feel sick.
You now have 641 gold pieces (gained 8).
You feel sick.
You start resting.
You feel sick.
You are no longer poisoned.
You start resting.
You feel yourself slow down.
You start resting.
Health restored: 59
There is a stone staircase leading down here.
Things that are here:
a +0 giant club; a +0 giant club
There is an open door, spattered with blood here.
There is an open door here.
Things that are here:
a +0 cloak; a +0 short sword
There is an open door here.
There is an open door here.
There is a stormy altar of Qazlal here.
You open the door.
There is an open door here.
There is an open door here.
There is an open door here.
There is a stone staircase leading down here.
You climb downwards.
Found a robe.
Found an escape hatch in the floor.
There is a stone staircase leading up here.
Unknown command.
There is a stone staircase leading up here.
A wight comes into view. It is wielding a +3 falchion.
A wolf comes into view.
The wolf howls!
The killer bee buzzes angrily.
The wolf howls! x2
The acid dragon roars!
You hear a bark!
The wolf bites you!
You take 7 damage, and have 52/59 hp.
The wolf attacks as you move away! The wolf completely misses you.
There is a stone staircase leading up here.
The wolf bites you! The wolf closely misses you. The killer bee stings you!
You climb upwards.
There is a stone staircase leading down here.
You take 16 damage, and have 37/59 hp.
MASSIVE DAMAGE!!
You hit the wolf. You drain the wolf. You grab the wolf.
You constrict the wolf. The wolf barely misses you.
You hit the wolf but do no damage. You squeeze the wolf.
You constrict the wolf. The wolf bites you!
You take 7 damage, and have 31/59 hp.
You hit the wolf. You drain the wolf. Your squeeze misses the wolf.
You constrict the wolf. The wolf bites you.
You take 2 damage, and have 29/59 hp.
You hit the wolf.
You kill the wolf!
Your Ice Magic skill increases to level 5!
You now have 650 gold pieces (gained 9).
You regained 3 hp, and now have 32/60 hp.
You start resting.
Health restored: 60
There is a stone staircase leading down here.
Unknown command.
Unknown command.
You climb downwards.
The wolf closely misses you. The killer bee stings you.
The hound barely misses you. The wolf bites you. The killer bee stings you.
The wight hits you with a +3 falchion. The hound closely misses you.
The wolf barely misses you. The killer bee stings you.
You are poisoned.
The killer bee poisons you! The wight hits you with a +3 falchion.
The hound bites you.
There is a stone staircase leading up, spattered with blood here.
You take 30 damage, and have 30/60 hp.
MASSIVE DAMAGE!!
You feel sick. The killer bee barely misses you. The wolf bites you!
The wolf barely misses you. The hound closely misses you.
The killer bee barely misses you. The wolf bites you!
* * * LOW HITPOINT WARNING * * *
The wight hits you with a +3 falchion!
You die...
Your body crumbles into a pile of gold.

......# .......##
........##
.........##
..........##
...........##
......h.....##
......y@h.>..##
......z.h.....#
...............#
................#
.....~......[....
......~.~..~.....
~..~≈.≈~~..~.....
≈~~~~~~~~~≈~.....
≈≈≈~~~.≈≈≈~~~....


You could see 2 wolves, a hound, a killer bee and a wight.

Vanquished Creatures
  A two-headed ogre (D:9)
  Maurice (D:9)
  2 trolls
  A hornet (D:8)
  6 yaks
  4 steam dragons
  Menkaure (D:6)
  An acid dragon (D:9)
  2 water moccasins
  An orc warrior (D:6)
  A black bear (D:6)
  An ice beast (D:5)
  2 sky beasts (D:7)
  2 ogres
  A wolf (D:9)
  3 centaurs
  A kobold brigand (D:6)
  3 bullfrogs
  A scorpion (D:7)
  A necrophage (D:6)
  A gnoll sergeant (D:9)
  2 wights (D:10)
  2 killer bees (D:9)
  3 electric eels (D:7)
  3 hounds
  4 jellies
  7 orc priests
  3 iguanas
  2 gnoll boudas (D:5)
  13 orc wizards
  7 gnolls
  10 adders
  A white imp (D:5)
  A worm (D:8)
  4 dart slugs
  39 orcs
  9 ball pythons
  8 bats
  6 endoplasms
  2 giant cockroaches
  10 goblins
  7 hobgoblins
  10 jackals
  7 kobolds
  6 quokkas
  4 frilled lizards
  10 rats
217 creatures vanquished.

Vanquished Creatures (others)
  4 plants (D:7)
4 creatures vanquished.

Grand Total: 221 creatures vanquished

Notes
Turn   | Place    | Note
-------+----------+-------------------------------------------
     0 | D:1      | sokol815 the Octopode Brigand began the quest for the Orb.
     0 | D:1      | Reached XP level 1. HP: 14/14 MP: 1/1
    56 | D:1      | Found a faded altar of an unknown god.
    60 | D:1      | Reached XP level 2. HP: 15/19 MP: 2/2
   133 | D:1      | Reached skill level 6 in Stealth
   424 | D:1      | Reached XP level 3. HP: 24/24 MP: 3/3
   663 | D:2      | Reached skill level 7 in Stealth
   819 | D:2      | Reached XP level 4. HP: 17/29 MP: 4/4
  1363 | D:3      | Found a shadowy altar of Dithmenos.
  1369 | D:3      | Reached skill level 8 in Stealth
  1379 | D:3      | HP: 5/29 [orc priest/nerve-wracking pain (12)]
  1381 | D:3      | Reached XP level 5. HP: 7/34 MP: 5/5
  1387 | D:3      | Reached skill level 3 in Short Blades
  1555 | D:3      | Found a shimmering altar of Xom.
  1629 | D:3      | Found a broken altar of Ashenzari.
  1651 | D:3      | Reached XP level 6. HP: 34/39 MP: 6/6
  1714 | D:3      | Found a glowing silver altar of Zin.
  1912 | D:3      | Found a burning altar of Makhleb.
  1912 | D:3      | Noticed a cacodemon
  1915 | D:3      | Noticed a ynoxinul
  1915 | D:3      | Noticed a neqoxec
  2264 | D:4      | Reached skill level 4 in Short Blades
  2674 | D:4      | Reached skill level 9 in Stealth
  2905 | D:5      | Entered Level 5 of the Dungeon
  2928 | D:5      | Reached skill level 5 in Short Blades
  2928 | D:5      | Reached XP level 7. HP: 34/45 MP: 7/7
  3112 | D:5      | HP: 6/45 [acid (8)]
  3113 | D:5      | HP: 2/45 [acid (4)]
  3325 | D:5      | Reached skill level 6 in Short Blades
  3345 | D:5      | Reached skill level 10 in Stealth
  3402 | D:5      | Reached XP level 8. HP: 17/50 MP: 8/8
  3410 | D:5      | HP: 11/50 [white imp/puff of frost (11)]
  3417 | D:5      | HP: 12/50 [quokka (2)]
  3671 | D:5      | Found an ornate altar of the Wu Jian Council.
  3875 | D:6      | Reached skill level 7 in Short Blades
  3932 | D:6      | Noticed Menkaure
  3942 | D:6      | Killed Menkaure
  4126 | D:6      | Reached skill level 11 in Stealth
  4147 | D:6      | Reached skill level 8 in Short Blades
  4205 | D:6      | Found Qupno's Magic Scroll Shoppe.
  4391 | D:6      | Found Juacesiahu's Armour Emporium.
  4564 | D:6      | Found Mieqel's Assorted Antiques.
  4572 | D:6      | Bought a runed bone ring for 120 gold pieces
  4590 | D:6      | Found Qajacul's Assorted Antiques.
  4636 | D:6      | Found Tasuoxo's Magic Scroll Shoppe.
  5002 | D:7      | Found a radiant altar of Vehumet.
  5090 | D:7      | Reached XP level 9. HP: 37/54 MP: 9/9
  5184 | D:7      | Reached skill level 9 in Short Blades
  5363 | D:7      | Identified the +4 ring mail "Ymur" {Regen+}
  5399 | D:7      | Found a staircase to the Ecumenical Temple.
  5403 | Temple   | Entered the Ecumenical Temple
  5462 | Temple   | Became a worshipper of Gozag Ym Sagoz the Greedy
  5482 | D:7      | Reached skill level 12 in Stealth
  5515 | D:7      | Found a blossoming altar of Fedhas.
  5515 | D:7      | Identified the +2 scale mail "Webuh" {Str+2 Int+2}
  5650 | D:6      | Bought an iron ring for 145 gold pieces
  5958 | D:7      | Reached skill level 10 in Short Blades
  6108 | D:8      | HP: 12/54 [steam dragon/ball of steam (15)]
  6179 | D:8      | Noticed a hornet
  6199 | D:7      | Reached skill level 13 in Stealth
  6201 | D:8      | HP: 7/55 [yak (8)]
  6220 | D:8      | Found an ancient bone altar of Kikubaaqudgha.
  6225 | D:7      | HP: 13/55 [yak (8)]
  6230 | D:7      | Reached skill level 3 in Fighting
  6366 | D:8      | Paralysed by a hornet for 1 turns
  6369 | D:8      | Killed a hornet
  6393 | D:8      | Noticed a troll
  6398 | D:8      | Reached skill level 4 in Fighting
  6398 | D:8      | Reached XP level 10. HP: 63/63 MP: 10/10
  6408 | D:8      | Reached skill level 14 in Stealth
  6601 | D:8      | Found a hazy altar of Hepliaklqana.
  6733 | D:7      | Reached skill level 5 in Fighting
  6962 | D:8      | Noticed a moth of wrath
  6965 | D:8      | Found a bloodstained altar of Trog.
  7260 | D:9      | Reached skill level 15 in Stealth
  7331 | D:9      | Noticed Maurice
  7334 | D:9      | Killed Maurice
  7352 | D:9      | Found a stormy altar of Qazlal.
  7367 | D:9      | Learned a level 3 spell: Ozocubu's Armour
  7444 | D:9      | Reached skill level 1 in Ice Magic
  7534 | D:9      | Reached skill level 2 in Ice Magic
  7856 | D:9      | Noticed a two-headed ogre
  7878 | D:9      | Killed a two-headed ogre
  7879 | D:9      | Reached skill level 16 in Stealth
  7879 | D:9      | Reached skill level 3 in Ice Magic
  8036 | D:10     | Entered Level 10 of the Dungeon
  8081 | D:10     | Found a snail-covered altar of Cheibriados.
  8099 | D:10     | Reached skill level 4 in Ice Magic
  8110 | D:10     | HP: 13/66 [yak (7)]
  8115 | D:10     | HP: 6/66 [yak (9)]
  8184 | D:10     | Found a shimmering blue altar of Sif Muna.
  8190 | D:10     | Got Sif Muna's Annotations on Wild Anthracomancy
  8192 | D:10     | Got Sif Muna's Reference Book on the Coals
  8194 | D:10     | Got Sif Muna's Folio of Kinetic Energy
  8247 | D:10     | HP: 12/57 [wight/+3 long sword of freezing (5)]
  8249 | D:10     | HP: 4/57 [wight/+3 long sword of freezing (10)]
  8267 | D:10     | dragoon: R u some kind of furry degenerate?
  8271 | D:9      | HP: 10/57 [killer bee (6)]
  8272 | D:9      | HP: 1/57 [killer bee (5)]
  8275 | D:9      | dragoon: Bc thats the pi tures I'm seeing on loading
                  | screens
  8288 | D:9      | HP: 10/58 [killer bee (6)]
  8293 | D:9      | HP: 9/59 [poisoned by a killer bee]
  8406 | D:9      | Reached skill level 5 in Ice Magic
  8437 | D:10     | HP: 10/60 [wolf (10)]
  8437 | D:10     | Mangled by a wight

Illustrated notes

Levels and vault maps discovered:
D:1:      nzn_arrival_depleted_hourglass, layout_rooms,
          shapermc_ecumenical_altar_acropolis
D:2:      layout_loops_ring, minmay_increasing_density
D:3:      layout_rooms, mainiacjoe_overflow_small_starburst,
          makhleb_altar_promises_db, nicolae_overflow_hidden_temple,
          mainiacjoe_overflow_concentric_impassable,
          mainiacjoe_overflow_brackets, nicolae_titane
D:4:      layout_gridville
D:5:      minmay_chambers_of_fours, layout_basic,
          pdpol_wu_jian_five_deadly_venoms
D:6:      nicolae_cairo_tiling_large_dashed, layout_cave_pods, serial_shops,
          nicolae_shop_overgrown_old_shop, nicolae_take_the_stairs,
          nicolae_shop_trees, nicolae_shop_advertising_works
          [nicolae_subvault_shop_adworks], shop_coins, minmay_manual_monstrance,
          uniq_menkaure
D:7:      wad_lake_hut, layout_basic, mainiacjoe_overflow_chevrons,
          fedhas_ov_isle_minmay, minmay_temple_entry_glassed_door
D:8:      layout_cave_pools, mainiacjoe_overflow_cross_hatched, tgw_trog,
          nicolae_hepliaklqana_hippocampus, hellmonk_bongcloud_opening,
          kennysheep_generic_room_4
D:9:      layout_basic, mainiacjoe_overflow_24_doors, uniq_maurice
D:10:     layout_big_octagon, nicolae_sif_muna_little_library,
          mainiacjoe_overflow_catwalk, erik_lair_island, david_orc_5,
          serial_shops, kennysheep_mini_moat
Temple:   hellmonk_temple_flake

Skill      XL: |  1  2  3  4  5  6  7  8  9 10 |
---------------+-------------------------------+-----
Stealth        | 6 7 8 9 10 11 13 16 | 16.0
Short Blades   | 3 5 6 8 10 | 10.0
Fighting       | 4 5 |  5.0
Ice Magic      | 5 |  5.0
Throwing       | |  2.0
Dodging        | |  1.0

Action                   |  1- 3 |  4- 6 |  7- 9 | 10-12 || total
-------------------------+-------+-------+-------+-------++-------
Melee: Dagger            |    56 |   116 |   235 |   133 ||   540
       Tentacles         |     9 |    24 |    51 |    24 ||   108
       Constrict         |     8 |    24 |    36 |    10 ||    78
       Punch             |       |     1 |     7 |     6 ||    14
Throw: Javelin           |     1 |       |       |       ||     1
       Dart              |       |       |       |     6 ||     6
Evoke: Wand              |       |       |       |     2 ||     2
  Use: Scroll            |     3 |     9 |     8 |     4 ||    24
       Potion            |       |       |     2 |     3 ||     5
 Stab: Sleeping          |    15 |    17 |    21 |    14 ||    67
       Distracted        |       |       |     2 |     2 ||     4
Armor: Skin              |     1 |     5 |     4 |     2 ||    12
Dodge: Dodged            |    27 |    39 |    75 |    67 ||   208

Table legend: (Time is in decaauts)
 A = Elapsed time spent in this place.
 B = Non-inter-level travel time spent in this place.
 C = Inter-level travel time spent in this place.
 D = Time resting spent in this place.
 E = Time spent auto-exploring this place.
 F = Levels seen in this place.
 G = Mean time per level.
                   A        B        C        D        E       F      G
               +--------+--------+--------+--------+--------+-----+--------+
         Total |   8224 |   7745 |    479 |    498 |   5737 |  11 |  747.6 |
       Dungeon |   8154 |   7693 |    461 |    498 |   5690 |  10 |  815.4 |
        Temple |     69 |     51 |     18 |      0 |     47 |   1 |   69.0 |
               +--------+--------+--------+--------+--------+-----+--------+

Top non-repeatable levels by time:
     D:6: 1183 daAuts
     D:7: 1130 daAuts
     D:9: 1026 daAuts
     D:5: 938 daAuts
     D:4: 859 daAuts
     D:8: 783 daAuts
     D:2: 708 daAuts
     D:3: 686 daAuts
     D:1: 625 daAuts
    D:10: 211 daAuts
  Temple: 69 daAuts

Table legend:
 A = Kills in this place as a percentage of kills in entire the game.
 B = Kills by you in this place as a percentage of kills by you in the entire game.
 C = Kills by friends in this place as a percentage of kills by friends in the entire game.
 D = Other kills in this place as a percentage of other kills in the entire game.
 E = Experience gained in this place as a percentage of experience gained in the entire game.
 F = Experience gained in this place divided by the number of levels of this place that you have seen.
                   A       B       C       D       E      F
               +-------+-------+-------+-------+-------+----------------------
         Total | 100.0 | 100.0 |   N/A |   N/A | 100.0 | 811.5
       Dungeon | 100.0 | 100.0 |   N/A |   N/A | 100.0 | 892.6
               +-------+-------+-------+-------+-------+----------------------
